 Dungeon Crawl Stone Soup version 0.22-a0-299-g43f9854 (webtiles) character file.

14716 Amnesiac the Geomancer (level 11, -11/64 HPs)
             Began as a Deep Elf Wizard on Mar 25, 2018.
             Was a High Priest of Sif Muna.
             Mangled by a spiny frog (22 damage)
             ... on level 1 of the Lair of Beasts.
             The game lasted 00:27:32 (11351 turns).

Amnesiac the Geomancer (Deep Elf Wizard)           Turns: 11351, Time: 00:27:33

Health: -11/64     AC:  6    Str:  4    XL:     11   Next: 92%
Magic:  0/27       EV: 21    Int: 33    God:    Sif Muna [*****.]
Gold:   665        SH:  0    Dex: 18    Spells: 8/30 levels left

rFire    x . .     SeeInvis .   I - +4 blowgun
rCold    + . .     Gourm    .   (no shield)
rNeg     . . .     Faith    .   N - +2 robe {MR+}
rPois    .         Spirit   +   b - +0 hat
rElec    .         Reflect  .   (no cloak)
rCorr    .         Harm     .   f - +0 pair of gloves
MR       ++...                  A - +0 pair of boots
Stlth    +++.......             l - amulet of guardian spirit
HPRegen  0.20/turn              w - ring of ice
MPRegen  0.20/turn              v - +6 ring of intelligence

@: agile, lethally poisoned (-11 -> -21), divine energy
A: no striking features
a: Stop Divine Energy, Channel Magic, Forget Spell, Renounce Religion


You were on level 1 of the Lair of Beasts.
You worshipped Sif Muna.
Sif Muna was extremely pleased with you.
You were not hungry.

You visited 3 branches of the dungeon, and saw 13 of its levels.
You also visited: Labyrinth and Sewer.

You collected 665 gold pieces.

Inventory:

Hand Weapons
 m - a +1 dagger of freezing
 I - a +4 blowgun (weapon)
Missiles
 q - 90 poisoned needles (quivered)
 y - 7 needles of confusion
Armour
 b - a +0 hat (worn)
 f - a +0 pair of gloves (worn)
 A - a +0 pair of boots (worn)
 B - a +0 helmet of intelligence
 H - a +0 leather armour of fire resistance
 N - a +2 robe of magic resistance (worn)
Magical Staves
 a - an uncursed staff of conjuration
 p - an uncursed staff of death
Jewellery
 h - an uncursed ring of fire
 l - an amulet of guardian spirit (around neck)
 u - an uncursed ring of flight
 v - a +6 ring of intelligence (right hand)
 w - a ring of ice (left hand)
 C - an uncursed ring of magical power {unknown}
Wands
 o - a wand of random effects (15)
 t - a wand of iceblast (17)
 z - a wand of enslavement (13)
 D - a wand of polymorph (6)
 F - a wand of paralysis (10)
 G - a wand of digging (8)
 O - a wand of disintegration (9)
Scrolls
 c - a scroll of acquirement {!r, unknown}
 e - 8 scrolls of fog {!r}
 g - 3 scrolls of enchant armour {!r}
 i - 3 scrolls of fear {!r}
 k - 9 scrolls of teleportation {!r}
 E - a scroll of torment {!r}
 J - a scroll of magic mapping {!r}
 L - 5 scrolls of identify {!r}
 P - a scroll of remove curse {!r}
Potions
 j - 2 potions of curing {!q}
 n - 2 potions of might {!q}
 s - 3 potions of agility {!q}
 x - 2 potions of mutation {!q}
Miscellaneous
 r - a lamp of fire
Comestibles
 d - 22 rations


   Skills:
 * Level 5.5 Fighting
 + Level 5.5 Dodging
 - Level 2.4 Stealth
 * Level 10.0 Spellcasting
 - Level 11.2 Conjurations
 - Level 1.1 Summonings
 - Level 1.1 Translocations
 - Level 11.3 Earth Magic
 - Level 8.0 Invocations


You had 8 spell levels left.
You knew the following spells:

 Your Spells              Type           Power        Failure   Level  Hunger
a - Stone Arrow           Conj/Erth      ######       1%          3    None
b - Passwall              Tmut/Erth      ######....   1%          2    None
d - Lee's Rapid Deconstr  Erth           ######....   1%          5    ###....
e - Mephitic Cloud        Conj/Pois/Air  #####...     1%          3    None
f - Summon Lightning Spi  Summ/Air       ###.....     22%         4    None
s - Conjure Flame         Conj/Fire      ######..     1%          3    None
v - Blink                 Tloc           N/A          2%          2    None


Dungeon Overview and Level Annotations

Branches:
Dungeon (11/15)            Temple (1/1) D:6            Lair (1/6) D:9
    Orc: D:9-12

Altars:
Ashenzari
Cheibriados
Dithmenos
Elyvilon
Fedhas
Gozag
Hepliaklqana
Kikubaaqudgha
Makhleb
Nemelex Xobeh
Okawaru
Qazlal
Ru
Sif Muna
Trog
Uskayaw
Vehumet
Wu Jian
Xom
Yredelemnul
Zin
The Shining One


Message History

Eating a chunk of flesh.
You eat the chunk of flesh.
This raw flesh tastes terrible.
Found a glowing leather armour.
Found an escape hatch in the ceiling.
L - 5 scrolls of identify {!r} (gained 1)
B - a glowing helmet
z - a wand of enslavement (13) (gained 6 charges)
C - a gilded ring
There is an escape hatch in the ceiling here.
Items here: ))) [ } a glowing leather armour; a runed scimitar; a runed blowgun; a glowing flail a lamp of fire
H - a glowing leather armour
I - a runed blowgun Wield which item (- for none, * to show all)? (? for menu, Esc to quit)
I - a +4 blowgun (weapon)
Drop what? 40/52 slots (_ for help) (? for menu, Esc to quit)
You drop a +1 blowgun.
r - a lamp of fire Welcome back to the Lair of Beasts!
You feel an oppressive heat about you.
There is an entrance to a volcano on this level.
Hurry and find it before the entrance collapses!
You hear the quick rumble of a very distant avalanche of rocks.
There is an empty arch of ancient stone here.
Casting: Lee's Rapid Deconstruction (safe; 1% risk of failure)
Confirm with . or Enter, or press ? or * to list all spells.
Which direction?
You begin to meditate on the wall.
You continue meditating on the rock. x3
You finish merging with the rock.
A komodo dragon and a porcupine come into view.
Found 8 tomahawks.
You feel a little less agile now.
Casting: Passwall (safe; 1% risk of failure)
Confirm with . or Enter, or press ? or * to list all spells.
Which direction?
You begin to meditate on the wall.
You continue meditating on the rock. x4
You finish merging with the rock.
Found 4 rations.
A bullfrog and a spiny frog come into view.
A black mamba comes into view.
You see here a ration.
d - 22 rations (gained 1)
The spiny frog gives a loud, deep croak!
Casting: Passwall (safe; 1% risk of failure)
Confirm with . or Enter, or press ? or * to list all spells.
You can't see any susceptible monsters within range! (Use Z to cast anyway.)
Casting: Passwall (safe; 1% risk of failure)
Confirm with . or Enter, or press ? or * to list all spells.
Okay, then.
The spiny frog stings you!
* * * LOW HITPOINT WARNING * * *
Casting: Passwall (safe; 1% risk of failure)
Confirm with . or Enter, or press ? or * to list all spells.
Aiming: Conjure Flame (safe; 1% risk of failure)
Press: ? - help, Dir - move target cursor The fire ignites!
The spiny frog stings you!!
* * * LOW HITPOINT WARNING * * *
You are poisoned.
The spiny frog poisons you!
* * * LOW HITPOINT WARNING * * *
You feel sick.
Really quaff
s - 4 potions of agility {!q}?
You feel agile all of a sudden.
You feel sick. The spiny frog stings you!!
You die...

........,***
***,,,,,,,
.......#,.P*
***,,,,,,,,*
......#**..#**
*,,,,,8,,,** .#..###
*#...* *,*.S,,,,**,
.#### *,...#*
**,+...,,,*,, ##
***#..##*
*,...F.**,,,, # #...P*
**.#...*,,,,, #
*#...######....l......
#
#...@#.#.............
###
#...§F....##r........
..#
*#........###.........
>## #P..P.....#
*#........ ##
##..%PP..## ##........
#..%.%..# #....[....
#.......# #.........
#......## #.........
***#.......*
#.........


You could see a spiny frog.

Vanquished Creatures
  Gastronok (Lair:1)
  A minotaur (Lab)
  Erica (D:8)
  3 two-headed ogres
  A gargoyle (D:10)
  2 spiny frogs (Lair:1)
  2 rime drakes (Lair:1)
  A troll (D:10)
  4 blink frogs (Lair:1)
  4 hippogriffs
  A wyvern (D:9)
  5 yaks (D:10)
  4 hogs (D:7)
  A human (D:7)
  A hungry ghost (D:8)
  Duvessa (D:5)
  2 water moccasins
  Purgy (Sewer)
  2 ice beasts
  A sky beast (D:9)
  A black bear (D:10)
  3 orc warriors
  5 ogres
  3 centaurs
  A crocodile (Lair:1)
  A big kobold (Temple)
  9 bullfrogs
  Dowan (D:5)
  A water moccasin zombie (D:7)
  9 killer bees
  2 scorpions
  8 howler monkeys
  A bullfrog zombie (D:10)
  3 crimson imps
  4 orc priests
  3 centaur zombies
  5 quasits
  5 jellies
  A hound (D:4)
  A gnoll shaman (D:9)
  An orc wizard (D:8)
  3 iguanas
  A killer bee zombie (D:7)
  8 worker ants
  A hound skeleton (D:10)
  2 worker ant zombies
  10 gnolls
  13 adders
  2 shadow imps
  An adder zombie (D:9)
  2 worms (D:2)
  A dart slug (D:1)
  4 leopard geckos
  18 orcs
  11 bats
  11 giant cockroaches
  15 goblins
  19 hobgoblins
  9 jackals
  21 kobolds
  A quokka (D:6)
  A ball python (D:7)
  3 frilled lizards
  A quokka zombie (D:6)
  4 rats
269 creatures vanquished.

Vanquished Creatures (collateral kills)
  Terence (D:3)
1 creature vanquished.

Vanquished Creatures (others)
  A killer bee (D:6)
1 creature vanquished.

Grand Total: 271 creatures vanquished

Notes
Turn   | Place    | Note
-------+----------+-------------------------------------------
     0 | D:1      | Amnesiac the Deep Elf Wizard began the quest for the Orb.
     0 | D:1      | Reached XP level 1. HP: 10/10 MP: 7/7
   101 | D:1      | Reached XP level 2. HP: 16/16 MP: 0/9
   583 | D:2      | Reached skill level 1 in Fighting
   693 | D:2      | Reached XP level 3. HP: 20/20 MP: 4/11
   697 | D:2      | Learned a level 2 spell: Blink
   700 | D:2      | Learned a level 2 spell: Call Imp
   704 | D:2      | Learned a level 3 spell: Conjure Flame
   708 | D:2      | Learned a level 3 spell: Mephitic Cloud
   754 | D:2      | Found a bloodstained altar of Trog.
  1662 | D:3      | Noticed Terence
  1833 | D:4      | Noticed a bullfrog
  2166 | D:3      | Reached XP level 4. HP: 22/25 MP: 6/12
  2176 | D:3      | Found a glowing drain.
  2366 | Sewer    | Entered a sewer
  2655 | Sewer    | Noticed Purgy
  2666 | Sewer    | Killed Purgy
  2666 | Sewer    | Reached XP level 5. HP: 30/30 MP: 5/13
  2821 | D:3      | Found a sparkling altar of Nemelex Xobeh.
  3111 | D:3      | Reached XP level 6. HP: 35/37 MP: 2/14
  3385 | D:3      | Killed Terence
  4117 | D:5      | Entered Level 5 of the Dungeon
  4204 | D:5      | Reached XP level 7. HP: 43/43 MP: 3/15
  4212 | D:5      | Noticed Dowan
  5240 | D:5      | Noticed Duvessa
  5536 | D:5      | Killed Duvessa
  5536 | D:5      | Reached skill level 5 in Fighting
  5536 | D:5      | Reached skill level 5 in Dodging
  5542 | D:5      | Killed Dowan
  5913 | D:6      | Learned a level 2 spell: Passwall
  5925 | D:6      | Found a staircase to the Ecumenical Temple.
  5963 | Temple   | Entered the Ecumenical Temple
  5997 | Temple   | Became a worshipper of Sif Muna the Loreminder
  6092 | Temple   | Reached XP level 8. HP: 15/50 MP: 1/16
  6216 | Temple   | Learned a level 3 spell: Stone Arrow
  6670 | D:6      | Reached skill level 5 in Earth Magic
  6671 | D:6      | Reached * piety under Sif Muna
  6800 | D:6      | Reached skill level 5 in Conjurations
  6990 | D:7      | Reached skill level 5 in Spellcasting
  7141 | D:7      | Reached XP level 9. HP: 21/54 MP: 0/19
  7155 | D:7      | Reached ** piety under Sif Muna
  7564 | D:8      | Found a white marble altar of Elyvilon.
  8035 | D:8      | Noticed Erica
  8316 | D:4      | Reached *** piety under Sif Muna
  8542 | D:8      | Killed Erica
  8542 | D:8      | Reached XP level 10. HP: 52/59 MP: 6/23
  9411 | D:9      | Found a staircase to the Lair.
  9465 | D:9      | Reached **** piety under Sif Muna
  9519 | D:9      | Noticed a two-headed ogre
  9529 | D:9      | Killed a two-headed ogre
  9583 | D:9      | Noticed a two-headed ogre
  9591 | D:9      | Killed a two-headed ogre
  9757 | D:9      | Reached skill level 10 in Earth Magic
  9767 | D:9      | Reached skill level 10 in Conjurations
  9832 | D:10     | Entered Level 10 of the Dungeon
  9855 | D:10     | Noticed a gargoyle
  9875 | D:10     | Learned a level 5 spell: Lee's Rapid Deconstruction
  9883 | D:10     | Killed a gargoyle
  9970 | D:10     | Found a glowing silver altar of Zin.
 10000 | D:10     | Reached ***** piety under Sif Muna
 10112 | D:10     | Reached XP level 11. HP: 41/64 MP: 0/26
 10135 | D:10     | Noticed a two-headed ogre
 10146 | D:10     | Killed a two-headed ogre
 10156 | D:10     | Identified Sif Muna's Disquisition on Confrontation (Sif Muna gifted it to you on level 10 of the Dungeon)
 10156 | D:10     | Received a gift from Sif Muna
 10798 | Lair:1   | Entered Level 1 of the Lair of Beasts
 10831 | Lair:1   | Reached skill level 10 in Spellcasting
 10831 | Lair:1   | Reached skill level 1 in Invocations
 10885 | Lair:1   | Noticed Gastronok
 10918 | Lair:1   | Killed Gastronok
 10918 | Lair:1   | Reached skill level 5 in Invocations
 11088 | Lair:1   | Found a labyrinth entrance.
 11106 | Lab      | Entered a labyrinth
 11146 | Lab      | Learned a level 4 spell: Summon Lightning Spire
 11276 | Lab      | Noticed a minotaur
 11286 | Lab      | Killed a minotaur
 11351 | Lair:1   | Mangled by a spiny frog

Vault maps used:
D:1:      shiori_shiawase
D:2:      lemuel_doored_altar
D:3:      first_ration, gup_sewer_entry_glass, nemelex_diamond_rough_becter,
          uniq_terence
D:4:      cheibrodos_quashed, grunt_ministairs_8
D:5:      grunt_tough_drop, uniq_duvessa
D:6:      temple_fountains, kennysheep_small_square
D:7:      grunt_livestock
D:8:      corexii_shantytown, grunt_decor_mini_mirrors, elyvilon_altar_5,
          uniq_erica
D:9:      lair_entry_dummy
D:10:     basic_altar, st_stairs_14
D:11:     erik_orc_1
Temple:   compressed_dpeg_circular_temple
Lair:1:   dragon1_lemuel, lab_entry_generic, nicolae_volcano_entry_hallway,
          lemuel_fruit_tree, grunt_megastairs_3, uniq_gastronok
Lab:      labyrinth_mini_lab, labyrinth_skeletal_remains
Sewer:    sewer_the_crocodile

Skill      XL: |  1  2  3  4  5  6  7  8  9 10 11 |
---------------+----------------------------------+-----
Conjurations   | 2 3 4 6 8 10 11 | 11.2
Fighting       | 1 2 3 4 5 |  5.5
Dodging        | 3 4 5 |  5.5
Earth Magic    | 2 6 8 10 11 | 11.3
Spellcasting   | 5 7 9 10 | 10.0
Invocations    | 8 |  8.0
Stealth        | |  2.4
Summonings     | |  1.1
Translocations | |  1.1

Action                   |  1- 3 |  4- 6 |  7- 9 | 10-12 || total
-------------------------+-------+-------+-------+-------++-------
Melee: Unarmed           |     8 |       |       |       ||     8
       Dagger            |     4 |    36 |    20 |       ||    60
       Staff             |       |       |     5 |    10 ||    15
 Fire: Blowgun           |       |       |     7 |    15 ||    22
 Cast: Magic Dart        |   119 |   109 |    70 |       ||   298
       Mephitic Cloud    |     2 |     5 |    11 |     2 ||    20
       Conjure Flame     |       |     4 |     7 |     6 ||    17
       Call Imp          |       |     1 |     4 |     1 ||     6
       Blink             |       |       |     1 |       ||     1
       Stone Arrow       |       |       |   124 |   165 ||   289
       Lee's Rapid Decon |       |       |       |    14 ||    14
       Passwall          |       |       |       |     4 ||     4
Invok: Divine Energy     |       |       |     1 |       ||     1
       Channel Magic     |       |       |       |     4 ||     4
Evoke: Wand              |       |       |     1 |       ||     1
  Use: Scroll            |     7 |     2 |     5 |     5 ||    19
       Potion            |       |       |     1 |     7 ||     8
 Stab: Confused          |       |       |     3 |       ||     3
  Eat: Chunk             |     2 |     4 |    11 |    12 ||    29
       Ration            |     1 |       |     1 |       ||     2
Armor: Robe              |     6 |     8 |    15 |    20 ||    49
       Skin              |       |       |       |    21 ||    21
Dodge: Dodged            |    22 |    41 |    89 |    67 ||   219

Table legend:
 A = Spawn XP
 B = Non-spawn XP
 C = Spawn XP percentage of total XP
 D = Spawn monster count
 E = Non-spawn monster count
 F = Spawn count percentage of total count
 G = Total turns spent on level
                    A         B        C        D         E        F      G
               +---------+---------+-------+---------+---------+-------+---------
         Total |       0 |   21023 |   0.0 |       0 |     271 |   0.0 | 11351
               +---------+---------+-------+---------+---------+-------+---------
           D:1 |       0 |      30 |   0.0 |       0 |      17 |   0.0 |   713
           D:2 |       0 |      46 |   0.0 |       0 |      22 |   0.0 |  1022
           D:3 |       0 |     240 |   0.0 |       0 |      31 |   0.0 |  1115
           D:4 |       0 |     379 |   0.0 |       0 |       8 |   0.0 |  1210
           D:5 |       0 |     724 |   0.0 |       0 |      17 |   0.0 |  1621
           D:6 |       0 |     649 |   0.0 |       0 |      26 |   0.0 |   894
           D:7 |       0 |    1746 |   0.0 |       0 |      19 |   0.0 |   719
           D:8 |       0 |    2008 |   0.0 |       0 |      52 |   0.0 |  1226
           D:9 |       0 |    2867 |   0.0 |       0 |      18 |   0.0 |   631
          D:10 |       0 |    5693 |   0.0 |       0 |      36 |   0.0 |   947
          D:11 |       0 |     135 |   0.0 |       0 |       3 |   0.0 |    11
        Temple |       0 |     218 |   0.0 |       0 |       3 |   0.0 |   346
        Lair:1 |       0 |    4906 |   0.0 |       0 |      12 |   0.0 |   349
           Lab |       0 |    1239 |   0.0 |       0 |       1 |   0.0 |   204
         Sewer |       0 |     143 |   0.0 |       0 |       6 |   0.0 |   343
               +---------+---------+-------+---------+---------+-------+---------
